[Event "fics rated crazyhouse match"]
[Site "fics, Oklahoma City, OK USA"]
[Date "2001.03.06"]
[White "Sunsetter"]
[WhiteElo "2340"]
[Black "Thufir"]
[BlackElo "2277"]
[TimeControl "180+0"]
[Result "0-1"]

1. e4 e6 2. Nc3 Nc6 3. d4 Nf6 4. Nf3 Bb4 5. Bd3 d5 6. e5 
Ne4 7. Bd2 Nxd2 8. Qxd2 B@g4 9. Ng5 Nxd4 10. Nxf7 Kxf7 11. Qf4+ P@f5 
12. Qxd4 Bxc3+ 13. bxc3 N@c6 14. Qe3 N@h4 15. N@f4 Qg5 16. Kf1 Nxg2 17. Nxg2 
Qxe3 18. Nxe3 P@e2+ 19. Kg1 Nxe5 20. N@g5+ Ke7 21. Nxg4 fxg4 22. Q@c5+ Q@d6 
23. Qxd6+ cxd6 24. Q@c7+ Bd7 25. Bxe2 N@f4 26. Bf1 P@e2 27. Bg2 Nxg2 28. Kxg2 
B@f3+ 29. Kg3 Q@g2+ 30. Kf4 Qxf2 31. Qxd7+ Kxd7 32. B@b5+ P@c6 33. Bxc6+ bxc6 
34. N@c5+ dxc5 35. N@b8+ Raxb8 36. B@c8+ Rbxc8 37. B@e8+ Rcxe8 38. P@g2 Ng6# 
{Sunsetter checkmated} 0-1

[Event "fics rated crazyhouse match"]
[Site "fics, Oklahoma City, OK USA"]
[Date "2001.03.06"]
[White "Thufir"]
[WhiteElo "2286"]
[Black "Sunsetter"]
[BlackElo "2331"]
[TimeControl "180+0"]
[Result "0-1"]

1. e4 e5 2. Nf3 Nc6 3. Bc4 d6 4. Nc3 Nf6 5. d3 Be7 6. O-O 
Bg4 7. h3 Bxf3 8. Qxf3 Nd4 9. Qd1 Rc8 10. Be3 Rf8 11. Bxd4 exd4 
12. Nb5 B@h5 13. N@f5 Rg8 14. f3 N@a4 15. Nxe7 Nxb2 16. Qe2 Qxe7 17. B@g5 
Nxc4 18. dxc4 N@g3 19. Qe1 Nxf1 20. Qxf1 B@g3 21. Kh1 R@h2+ 22. Kg1 P@f2+ 
23. Qxf2 Bxf2+ 24. Kxf2 Nxe4+ 25. fxe4 Q@f3+ 26. Ke1 Qe2# 
{Thufir checkmated} 0-1

[Event "fics rated crazyhouse match"]
[Site "fics, Oklahoma City, OK USA"]
[Date "2001.03.06"]
[White "Sunsetter"]
[WhiteElo "2338"]
[Black "Thufir"]
[BlackElo "2279"]
[TimeControl "180+0"]
[Result "0-1"]

1. e3 e6 2. d4 Nc6 3. Bb5 Nf6 4. Nd2 Be7 5. Ne2 d6 6. Bxc6+ 
bxc6 7. Nc3 O-O 8. Nde4 B@g6 9. Ng3 e5 10. Bd2 exd4 11. exd4 P@h4 
12. Nge2 Bg4 13. P@h6 gxh6 14. Bxh6 P@g7 15. Be3 B6h5 16. P@h3 Bxe2 17. Nxe2 
N@f5 18. Qd3 Nxe3 19. Qxe3 Nd5 20. Qe4 Bxe2 21. Qxe2 N@f4 22. Qe4 B@g6 
23. Qf3 Bf6 24. O-O-O Nb4 25. B@a3 Nxc2 26. Qxf4 Bg5 27. Bxd6 cxd6 28. B@d2 
Bxf4 29. Bxf4 P@e2 30. Rd2 e1=Q+ 31. Rxe1 Nxe1 32. B@b1 Bxb1 33. Kxb1 R@d1+ 
34. B@c1 B@g6+ 35. P@d3 Rxd2 36. N@a1 Bxd3+ 37. P@c2 Nxc2 38. N@f6+ Qxf6 39. N@e7+ 
Qxe7 40. Nb3 Na3+ 41. Ka1 R@b1# 
{Sunsetter checkmated} 0-1

[Event "fics rated crazyhouse match"]
[Site "fics, Oklahoma City, OK USA"]
[Date "2001.03.06"]
[White "Thufir"]
[WhiteElo "2288"]
[Black "Sunsetter"]
[BlackElo "2329"]
[TimeControl "180+0"]
[Result "0-1"]

1. e4 e5 2. Nf3 Nc6 3. Bc4 Bc5 4. d3 Nf6 5. Nc3 d6 6. Bg5 
O-O 7. Nd5 Nd4 8. Nxd4 Bxd4 9. Bxf6 gxf6 10. N@e7+ Kh8 11. N@f5 Bxf5 
12. Nxf5 B@a5+ 13. c3 Rg8 14. B@e7 Bxf2+ 15. Kf1 Qxe7 16. Ndxe7 N@g4 17. Nxg8 
N@e3+ 18. Ke2 Rxg8 19. Nxe3 Nxe3 20. N@h6 B@h5+ 21. R@f3 N@d4+ 22. cxd4 N@f4+ 
23. Kxf2 Nxd1+ 24. Rhxd1 Rxg2+ 25. Kf1 P@e2# 
{Thufir checkmated} 0-1

[Event "fics rated crazyhouse match"]
[Site "fics, Oklahoma City, OK USA"]
[Date "2001.03.06"]
[White "Sunsetter"]
[WhiteElo "2336"]
[Black "Thufir"]
[BlackElo "2281"]
[TimeControl "180+0"]
[Result "1-0"]

1. Nf3 e6 2. e4 Nc6 3. d4 Nf6 4. Nc3 Bb4 5. Bg5 h6 6. Bxf6 
Qxf6 7. e5 Qg6 8. N@b5 B@a5 9. Qd2 a6 10. a3 Bxc3 11. Nxc3 N@e4 
12. Qe3 Nxc3 13. bxc3 N@d5 14. Qc1 Bxc3+ 15. B@d2 Bxd4 16. Nxd4 Nxd4 17. B@d3 
P@e4 18. Bc4 P@c3 19. N@h4 cxd2+ 20. Qxd2 N@f3+ 21. gxf3 Nxf3+ 22. Nxf3 B@c3 
23. Qxc3 Nxc3 24. Rg1 P@g2 25. Rxg2 exf3 26. Rxg6 fxg6 27. B@b4 R@e4+ 28. P@e3 
N@c6 29. Bxc3 Nxe5 30. P@d6 cxd6 31. N@c7+ Kf7 32. Bxe5 dxe5 33. N@d6+ Ke7 
34. Nxe4 B@a5+ 35. N@d2 Bxc7 36. Nxf3 P@b2 37. R@f7+ Kxf7 38. N@g5+ hxg5 39. Nfxg5+ 
Ke8 40. Q@f7+ Kd8 41. P@e7# 
{Thufir checkmated} 1-0

[Event "fics rated crazyhouse match"]
[Site "fics, Oklahoma City, OK USA"]
[Date "2001.03.06"]
[White "Thufir"]
[WhiteElo "2274"]
[Black "Sunsetter"]
[BlackElo "2343"]
[TimeControl "180+0"]
[Result "1-0"]

1. e4 e5 2. Nf3 Nc6 3. Bc4 d6 4. Nc3 Nf6 5. d3 Be7 6. O-O 
Bg4 7. h3 Bxf3 8. gxf3 Nd4 9. B@g2 Nh5 10. Be3 Nf4 11. Bxf4 exf4 
12. N@h5 B@e5 13. Ne2 Nxe2+ 14. Qxe2 N@d4 15. Qd2 N@h4 16. N@h2 Nxg2 17. Kxg2 
Rf8 18. c3 Ne6 19. N@f5 B7f6 20. Ng4 Qd7 21. d4 Nxd4 22. cxd4 Qxf5 
23. exf5 N@h4+ 24. Kh2 Nxf3+ 25. Kh1 P@g2+ 26. Kxg2 Nxd2 27. P@d7+ Kxd7 28. Nhxf6+ 
Bxf6 29. B@e6+ fxe6 30. Bxe6+ Kc6 31. N@b4+ Kb5 32. a4+ Ka5 33. Q@b5# 
{Sunsetter checkmated} 1-0

[Event "fics rated crazyhouse match"]
[Site "fics, Oklahoma City, OK USA"]
[Date "2001.03.06"]
[White "Sunsetter"]
[WhiteElo "2333"]
[Black "Thufir"]
[BlackElo "2284"]
[TimeControl "180+0"]
[Result "1-0"]

1. Nf3 e6 2. d4 Nc6 3. Nc3 Nf6 4. e4 Bb4 5. e5 Ne4 6. Bd2 
d5 7. Nxe4 dxe4 8. Bxb4 exf3 9. B@b5 fxg2 10. Bxc6+ bxc6 11. Bxg2 B@d5 
12. P@e7 Qxe7 13. Bxe7 Ba6 14. Bxd5 exd5 15. Rg1 P@e2 16. B@d7+ Kxe7 17. N@f5+ 
Kxd7 18. N@c5+ Kc8 19. Nd6+ cxd6 20. Q@d7+ Kb8 21. Nxa6# 
{Thufir checkmated} 1-0

[Event "fics rated crazyhouse match"]
[Site "fics, Oklahoma City, OK USA"]
[Date "2001.03.06"]
[White "Thufir"]
[WhiteElo "2277"]
[Black "Sunsetter"]
[BlackElo "2340"]
[TimeControl "180+0"]
[Result "1-0"]

1. e4 e5 2. Nf3 Nc6 3. Bc4 Nf6 4. Nc3 Bc5 5. d3 O-O 6. Bg5 
h6 7. Bxf6 Qxf6 8. Nd5 Qg6 9. Qe2 Qxg2 10. Rg1 B@a5+ 11. c3 Qh3 
12. Nf6+ Kh8 13. Rxg7 Bxf2+ 14. Qxf2 Bxc3+ 15. bxc3 P@d2+ 16. Nxd2 Kxg7 17. N@h5+ 
Kg6 18. B@h7+ Kg5 19. P@h4+ Qxh4 20. Nf3# 
{Sunsetter checkmated} 1-0

[Event "fics rated crazyhouse match"]
[Site "fics, Oklahoma City, OK USA"]
[Date "2000.03.07"]
[White "Eyefor"]
[WhiteElo "2389"]
[Black "Kingwalker"]
[BlackElo "2270"]
[TimeControl "180+0"]
[Result "0-1"]

1. e4 e6 2. d4 a6 3. Nf3 b5 4. Bg5 f6 5. Bf4 Bb7 6. Bd3 
Ne7 7. a3 Ng6 8. Be3 Nc6 9. Nc3 b4 10. axb4 Bxb4 11. Qd2 Nce7 
12. P@f7+ Kxf7 13. Rxa6 Bxa6 14. Bxa6 Rxa6 15. P@h5 Nf8 16. h6 gxh6 17. Bxh6 
Ra1+ 18. B@d1 B@a6 19. P@g7 Nfg6 20. gxh8=Q Qxh8 21. R@g7+ Ke8 22. Rxe7+ Kxe7 
23. Nd5+ Kd8 24. Nxb4 P@e2 25. N@f7+ Ke7 26. Nxa6 exd1=Q+ 27. Qxd1 Rxd1+ 28. Kxd1 
B@b5 29. Nxh8 P@e2+ 30. Kd2 R@d1+ 31. Ke3 R@d3+ 32. cxd3 Rxd3+ 33. Kxe2 Rxf3+ 
34. Kxf3 P@g4+ 35. Kxg4 Be2+ 36. f3 Q@h4# 
{Eyefor checkmated} 0-1

[Event "fics rated crazyhouse match"]
[Site "fics, Oklahoma City, OK USA"]
[Date "2000.03.07"]
[White "Kingwalker"]
[WhiteElo "2281"]
[Black "Eyefor"]
[BlackElo "2378"]
[TimeControl "180+0"]
[Result "0-1"]

1. e4 e6 2. d4 d6 3. Bd3 d5 4. e5 Bb4+ 5. c3 Be7 6. Be3 
Bg5 7. Nh3 Bxe3 8. fxe3 Nc6 9. O-O B@f5 10. Nf4 g5 11. Nh5 Bxd3 
12. Qxd3 B@g6 13. Ng7+ Kf8 14. Qxg6 hxg6 15. B@f6 Nxf6 16. exf6 Rxh2 17. B@a3+ 
Kg8 18. N@g3 Q@h4 19. Rf3 P@g4 20. B@e7 gxf3 21. Bxd8 Rxg2# 
{Kingwalker resigns} 0-1

[Event "fics rated crazyhouse match"]
[Site "fics, Oklahoma City, OK USA"]
[Date "2000.03.07"]
[White "Eyefor"]
[WhiteElo "2384"]
[Black "Kingwalker"]
[BlackElo "2275"]
[TimeControl "180+0"]
[Result "1-0"]

1. e4 e6 2. d4 a6 3. Nf3 b5 4. Bg5 f6 5. Bf4 Bb7 6. Bd3 
Ne7 7. a3 Ng6 8. Be3 Nc6 9. Nc3 b4 10. axb4 Bxb4 11. Qd2 Nce7 
12. P@f7+ Kxf7 13. Rxa6 Bxa6 14. Bxa6 Rxa6 15. P@h5 Nf8 16. h6 Ra1+ 17. B@c1 
Bxc3 18. Qxc3 B@a6 19. hxg7 Kxg7 20. B@f4 R@e2+ 21. Kd1 N@a4 22. Qb3 P@d3 
23. cxd3 Rxb2 24. Qxa4 P@e2+ 25. Ke1 Rxa4 26. N@h5+ Kf7 27. Ng5+ fxg5 28. P@g6+ 
Kxg6 29. P@f5+ Kxh5 30. g4+ Kxg4 31. Rg1+ Kh3 32. Rg3+ Kxh2 33. Rxg5+ Kh1 
34. Rh5+ Kg2 35. Rh2+ Kf3 36. P@g2+ Kg4 
{Kingwalker resigns} 1-0

[Event "fics rated crazyhouse match"]
[Site "fics, Oklahoma City, OK USA"]
[Date "2000.03.07"]
[White "Lomboc"]
[WhiteElo "2168"]
[Black "Eyefor"]
[BlackElo "2390"]
[TimeControl "60+0"]
[Result "1-0"]

1. e4 e6 2. Nc3 d6 3. d4 Nf6 4. Nf3 d5 5. exd5 exd5 6. Bg5 
Bb4 7. P@e5 Bxc3+ 8. bxc3 P@b2 9. Rb1 N@e4 10. B@d2 Nxf2 11. Kxf2 Ne4+ 
12. Ke2 P@f6 13. Bge3 Nxd2 14. Qxd2 fxe5 15. dxe5 P@e4 16. Nd4 Nd7 17. e6 
fxe6 18. Nxe6 B@g4+ 19. P@f3 Bxe6 20. N@d4 N@c4 21. Nxe6 Nxd2 22. Nxd8 Kxd8 
23. P@e7+ Kxe7 24. N@f5+ Ke6 25. Q@e7+ Kxf5 26. g4+ Kg6 27. B@h5# 
{Eyefor checkmated} 1-0

[Event "fics rated crazyhouse match"]
[Site "fics, Oklahoma City, OK USA"]
[Date "2000.03.07"]
[White "Eyefor"]
[WhiteElo "2377"]
[Black "Lomboc"]
[BlackElo "2181"]
[TimeControl "60+0"]
[Result "1-0"]

1. d4 d5 2. Nc3 Nf6 3. Bf4 e6 4. a3 Bd6 5. Bxd6 cxd6 6. Nf3 
Nc6 7. B@a4 O-O 8. Bxc6 bxc6 9. h4 B@h5 10. N@b4 Qc7 11. Nd3 B@g6 
12. Nf4 e5 13. Nxh5 Bxh5 14. dxe5 dxe5 15. P@g5 Ne4 16. Nxe4 dxe4 17. B@d6 
Qa5+ 18. b4 Qd5 19. N@e7+ Kh8 20. Nxd5 cxd5 21. Bxf8 N@e6 22. Bxg7+ Nxg7 
23. R@f8+ N@g8 24. Rxg8+ Kxg8 25. N@f6# 
{Lomboc resigns} 1-0

[Event "fics rated crazyhouse match"]
[Site "fics, Oklahoma City, OK USA"]
[Date "2000.03.07"]
[White "Lomboc"]
[WhiteElo "2177"]
[Black "Eyefor"]
[BlackElo "2381"]
[TimeControl "60+0"]
[Result "0-1"]

1. e4 e6 2. Nc3 d6 3. d4 Nf6 4. Nf3 d5 5. Bd3 dxe4 6. Nxe4 
Nxe4 7. Bxe4 N@c4 8. O-O P@a3 9. bxa3 Nxa3 10. Ne5 P@f6 11. Nf3 f5 
12. Bd3 Bd7 13. Re1 Nxc2 14. Qxc2 Bb4 15. P@c3 Be7 16. Ne5 Nc6 17. Nxc6 
Bxc6 18. P@f3 P@h3 19. N@e5 hxg2 20. Nxf7 Kxf7 21. N@e5+ Kf8 22. Nxc6 bxc6 
23. Bxf5 P@b3 24. axb3 N@h4 25. B@g4 N@h3+ 26. Bxh3 Nxf3+ 27. Kxg2 Nxe1+ 28. Kf1 
Nxc2 29. Bh6 Q@h1+ 30. N@g1 Nxa1 31. Bxg7+ Kxg7 32. N@h5+ Kh6 
{Lomboc forfeits on time} 0-1

[Event "fics rated crazyhouse match"]
[Site "fics, Oklahoma City, OK USA"]
[Date "2000.03.07"]
[White "Eyefor"]
[WhiteElo "2385"]
[Black "Lomboc"]
[BlackElo "2173"]
[TimeControl "60+0"]
[Result "0-1"]

1. d4 d5 2. Nc3 Nf6 3. Bf4 e6 4. a3 Bd6 5. Bxd6 cxd6 6. Nf3 
Nc6 7. B@a4 O-O 8. Bxc6 bxc6 9. h4 B@a5 10. b4 Bb6 11. Ra2 B@g4 
12. N@f4 Qc7 13. Ng5 h6 14. Nf3 e5 15. dxe5 dxe5 16. Ncxd5 cxd5 17. Nxd5 
Nxd5 18. P@h7+ Kxh7 19. Qxd5 Bxf2+ 20. Kxf2 Bxf3 21. Qxf3 P@f4 22. Qxa8 P@e3+ 
23. Kg1 P@f2+ 24. Kh2 N@g4+ 25. Kh3 Nf6+ 26. N@d7 Bxd7+ 27. R@g4 Bxg4+ 28. Kh2 
Rxa8 29. P@g6+ fxg6 30. B@g8+ Rxg8 31. g3 fxg3+ 32. Kxg3 e4+ 33. B@f4 Qxf4+ 
34. Kxf4 N@d5+ 35. Kg3 Q@f4+ 36. Kg2 R@g3# 
{Eyefor forfeits on time} 0-1

[Event "fics rated crazyhouse match"]
[Site "fics, Oklahoma City, OK USA"]
[Date "2000.03.07"]
[White "Lomboc"]
[WhiteElo "2185"]
[Black "Eyefor"]
[BlackElo "2373"]
[TimeControl "60+0"]
[Result "1-0"]

1. e4 e6 2. Nc3 d6 3. d4 Nf6 4. Nf3 d5 5. Bg5 dxe4 6. Nxe4 
P@f5 7. Bxf6 gxf6 8. Nxf6+ Qxf6 9. P@e5 Qg7 10. N@f6+ Kd8 11. d5 exd5 
12. Qxd5+ B@d7 13. Nxd7 Bb4+ 14. P@c3 Bxc3+ 15. bxc3 P@c6 16. B@f6+ Qxf6 17. exf6 
Bxd7 18. P@e7+ Kc8 19. Q@d8+ Rxd8 20. exd8=Q+ Kxd8 21. B@e7+ Ke8 22. R@d8# 
{Eyefor checkmated} 1-0

[Event "fics rated crazyhouse match"]
[Site "fics, Oklahoma City, OK USA"]
[Date "2000.03.07"]
[White "Eyefor"]
[WhiteElo "2361"]
[Black "Lomboc"]
[BlackElo "2197"]
[TimeControl "60+0"]
[Result "1-0"]

1. e4 e6 2. d4 d5 3. exd5 exd5 4. Bb5+ Nc6 5. Qe2+ P@e6 6. Bxc6+ 
bxc6 7. N@e5 Bd7 8. Nxf7 Kxf7 9. P@b7 Rb8 10. Qf3+ Qf6 11. Qxf6+ gxf6 
12. Nc3 Rxb7 13. Q@d8 Q@e8 14. Qxe8+ Kxe8 15. Q@a8+ Q@b8 16. Qxb8+ Rxb8 17. P@f7+ 
Kxf7 18. Q@a6 Q@b6 19. Qxb6 axb6 20. Bf4 B@d6 21. Bxd6 Bxd6 22. B@h5+ B@g6 
23. Bxg6+ hxg6 24. Nf3 N@f4 25. B@f1 B@b4 26. Q@a7 Q@c8 27. g3 Rb7 28. Qa6 
Bxc3+ 29. bxc3 P@g2 30. Bxg2 Nxg2+ 31. Kd1 N@e3+ 32. fxe3 Nxe3+ 33. Kd2 B@c4 
34. Qa4 Nf5 35. P@a7 Qa8 36. N@d8+ Qxd8 37. a8=Q Rb8 38. Q8xc6 Bxc6 39. Qxc6 
N@e4+ 40. Kc1 P@d2+ 41. Nxd2 Nxd2 42. Kxd2 P@e3+ 43. Kd1 P@e2+ 44. Kc1 Ba3+ 
45. P@b2 Bxb2+ 46. Kxb2 Ra8 47. N@d7 
{Lomboc forfeits on time} 1-0

[Event "fics rated crazyhouse match"]
[Site "fics, Oklahoma City, OK USA"]
[Date "2000.03.07"]
[White "Lomboc"]
[WhiteElo "2193"]
[Black "Eyefor"]
[BlackElo "2365"]
[TimeControl "60+0"]
[Result "0-1"]

1. e4 Nf6 2. Nc3 e6 3. d4 Nc6 4. e5 Nd5 5. Nxd5 exd5 6. Nf3 
N@e4 7. Bb5 Bb4+ 8. Bd2 Bxd2+ 9. Nxd2 Nxf2 10. Kxf2 Nxd4 11. B@e2 P@c6 
12. Ba4 P@e3+ 13. Kxe3 Qh4 14. P@g3 Nxc2+ 15. Bxc2 B@c5+ 16. Kf3 P@e4+ 17. Bxe4 
dxe4+ 18. Nxe4 B@h5+ 19. g4 Qxg4# 
{Lomboc checkmated} 0-1

[Event "fics rated crazyhouse match"]
[Site "fics, Oklahoma City, OK USA"]
[Date "2000.03.07"]
[White "Eyefor"]
[WhiteElo "2369"]
[Black "Lomboc"]
[BlackElo "2189"]
[TimeControl "60+0"]
[Result "0-1"]

1. d4 e6 2. Nc3 d5 3. Nf3 Nf6 4. Bg5 Be7 5. Bxf6 Bxf6 6. N@d3 
Nc6 7. e3 O-O 8. Qd2 B@g6 9. Nc5 Rb8 10. Bb5 Bd7 11. Bxc6 Bxc6 
12. N@e5 B@b4 13. Nxc6 bxc6 14. B@b3 Be7 15. Ne5 Bexc5 16. dxc5 N@e4 17. Nxe4 
Bxe4 18. B@c3 Bxc3 19. Qxc3 Bxg2 20. Nxc6 N@e4 21. N@e7+ Kh8 22. Qxg7+ Kxg7 
23. B@d4+ f6 24. P@h6+ Kxh6 25. P@g5+ fxg5 26. Bc3 N@f3+ 27. Ke2 Nxc3+ 28. bxc3 
Q@d2# 
{Eyefor checkmated} 0-1

[Event "fics rated crazyhouse match"]
[Site "fics, Oklahoma City, OK USA"]
[Date "2000.03.07"]
[White "Lomboc"]
[WhiteElo "2201"]
[Black "Eyefor"]
[BlackElo "2357"]
[TimeControl "60+0"]
[Result "1-0"]

1. e4 e6 2. Nc3 d6 3. d4 Nf6 4. Nf3 d5 5. Bg5 dxe4 6. Nxe4 
P@f5 7. Nxf6+ gxf6 8. Bxf6 Qxf6 9. P@e5 Qg6 10. N@f6+ Kd8 11. d5 exd5 
12. Qxd5+ B@d7 13. P@h5 Qg7 14. Nxd7 Bb4+ 15. P@c3 Nxd7 16. B@f6+ N@e7 17. cxb4 
Qxf6 18. exf6 Nxd5 19. B@e7+ Nxe7 20. fxe7+ Kxe7 21. N@d5+ Kd6 22. Q@e7+ Kxd5 
23. c4+ Kc6 24. Nd4+ Kb6 25. c5+ Nxc5 26. Qxc5# 
{Eyefor checkmated} 1-0

[Event "fics rated crazyhouse match"]
[Site "fics, Oklahoma City, OK USA"]
[Date "2000.03.07"]
[White "Eyefor"]
[WhiteElo "2346"]
[Black "Lomboc"]
[BlackElo "2212"]
[TimeControl "60+0"]
[Result "1-0"]

1. e4 d5 2. exd5 Qxd5 3. Nf3 Qd8 4. Bc4 e6 5. d3 Nf6 6. Bf4 
Be7 7. Nbd2 Nd5 8. Bxd5 exd5 9. P@h6 Rg8 10. hxg7 Rxg7 11. N@e3 P@g5 
12. Bxc7 Qxc7 13. Nxd5 Qd6 14. P@e4 g4 15. Nc4 Qh6 16. Nc7+ Kf8 17. Nxa8 
gxf3 18. R@h8+ Rg8 19. Rxg8+ Kxg8 20. R@e8+ B@f8 21. Qxf3 N@h4 22. Qg3+ Qg5 
23. Qxg5+ Bxg5 24. Rxf8+ Kxf8 25. B@d6+ P@e7 26. Q@h8+ R@g8 27. P@g7+ Ke8 28. Qxg8+ 
Kd7 29. R@c7+ Ke6 30. Qxc8+ B@d7 31. B@h3+ f5 32. g8=Q+ R@f7 33. P@d5+ Kf6 
34. e5# 
{Lomboc checkmated} 1-0

[Event "fics rated crazyhouse match"]
[Site "fics, Oklahoma City, OK USA"]
[Date "2000.03.07"]
[White "Lomboc"]
[WhiteElo "2207"]
[Black "Eyefor"]
[BlackElo "2351"]
[TimeControl "60+0"]
[Result "0-1"]

1. e4 e6 2. Nc3 d6 3. d4 Nf6 4. Nf3 d5 5. Bg5 dxe4 6. Nxe4 
P@f5 7. Nxf6+ gxf6 8. Bxf6 Qxf6 9. P@e5 Qg6 10. N@f6+ Kd8 11. d5 exd5 
12. Qxd5+ B@d7 13. P@h5 Qg7 14. Nxd7 Bb4+ 15. P@c3 Bxc3+ 16. bxc3 P@c6 17. B@f6+ 
Qxf6 18. exf6 Bxd7 19. B@e7+ Kc8 20. Qxf7 B@b2 21. P@g7 Bxc3+ 22. Nd2 Bxd2+ 
23. Kxd2 N@e4+ 24. Ke3 N@g4+ 25. Ke2 N@c3+ 26. Kd3 Ne5+ 27. Ke3 Ng4+ 28. Kf3 
Nxh2+ 29. Rxh2 Ng5+ 30. Ke3 P@d4+ 31. Kxd4 Nb5+ 32. Bxb5 P@e5+ 33. Kd3 P@e4+ 
34. Kd2 e3+ 35. fxe3 Rd8 36. Kc1 Nxf7 37. Bxd8 Q@g1+ 38. R@d1 Qxe3+ 39. P@d2 
P@b2+ 40. Kxb2 Qc5 41. N@e7+ Qxe7 42. fxe7 cxb5 43. Bxc7 Kxc7 44. N@d8 Nxd8 
45. exd8=Q+ Kxd8 
{Lomboc forfeits on time} 0-1

[Event "fics rated crazyhouse match"]
[Site "fics, Oklahoma City, OK USA"]
[Date "2000.03.07"]
[White "TrumpetX"]
[WhiteElo "2200"]
[Black "spurs"]
[BlackElo "2344"]
[TimeControl "60+0"]
[Result "0-1"]

1. e4 e6 2. d4 d5 3. exd5 exd5 4. Bb5+ Bd7 5. Qe2+ Qe7 6. Nc3 
Qxe2+ 7. Ngxe2 Bb4 8. Bxd7+ Nxd7 9. O-O Bxc3 10. Nxc3 P@f3 11. Q@e3+ B@e4 
12. Qxf3 Bxf3 13. gxf3 Q@h3 14. B@g2 Qxg2+ 15. Kxg2 N@h4+ 16. Kg3 Q@g2+ 17. Kf4 
B@g5# 
{TrumpetX checkmated} 0-1

[Event "fics rated crazyhouse match"]
[Site "fics, Oklahoma City, OK USA"]
[Date "2000.03.07"]
[White "TrumpetX"]
[WhiteElo "2195"]
[Black "spurs"]
[BlackElo "2349"]
[TimeControl "60+0"]
[Result "0-1"]

1. e4 e6 2. d4 d5 3. exd5 exd5 4. Bb5+ Bd7 5. Qe2+ Qe7 6. Nc3 
Qxe2+ 7. Ngxe2 Bb4 8. O-O Bxc3 9. Bxd7+ Nxd7 10. Nxc3 N@h4 11. B@h3 O-O-O 
12. Q@a8+ Q@b8 13. Bxd7+ Rxd7 14. Qxb8+ Kxb8 15. Q@e8+ Q@d8 16. Qxd8+ Rxd8 17. B@h3 
B@e4 18. Nxe4 dxe4 19. N@d7+ Rxd7 20. P@c6 bxc6 21. B@a6 P@b7 22. Bxb7 Kxb7 
23. P@a6+ Kxa6 24. Bxd7 B@b5 25. R@a3+ P@a4 26. Bxc6 Bxc6 27. Q@c4+ B@b5 28. Rxa4+ 
Kb7 29. P@a6+ Kb8 30. Qxf7 Nf6 31. Qxf6 gxf6 32. P@b7 N@h3+ 33. Kh1 Q@g1+ 
34. Rxg1 Nxf2# 
{TrumpetX checkmated} 0-1

[Event "fics rated crazyhouse match"]
[Site "fics, Oklahoma City, OK USA"]
[Date "2000.03.07"]
[White "spurs"]
[WhiteElo "2354"]
[Black "Flesh"]
[BlackElo "2315"]
[TimeControl "60+0"]
[Result "1-0"]

1. d4 d5 2. Nf3 Bg4 3. Ne5 Bh5 4. Bg5 f6 5. Nc3 fxe5 6. dxe5 
d4 7. Ne4 Bg6 8. e6 Qd5 9. P@f7+ Kd8 10. e3 Qxe6 11. Qxd4+ P@d5 
12. O-O-O Nf6 13. Bxf6 exf6 14. Qxd5+ Ke7 15. Qxe6+ Kxe6 16. N@f4+ Kf5 17. Q@e6# 
{Flesh checkmated} 1-0

[Event "fics rated crazyhouse match"]
[Site "fics, Oklahoma City, OK USA"]
[Date "2000.03.07"]
[White "Flesh"]
[WhiteElo "2308"]
[Black "spurs"]
[BlackElo "2361"]
[TimeControl "60+0"]
[Result "1-0"]

1. e4 e6 2. d4 d5 3. e5 Ne7 4. Bg5 Qd7 5. Bxe7 Bxe7 6. Nf3 
Bb4+ 7. Nc3 Bxc3+ 8. bxc3 N@e4 9. N@h5 Rg8 10. Nxg7+ Rxg7 11. P@f6 Rg8 
12. B@b4 B@b2 13. Bd3 Nxc3 14. Bxc3 Bxc3+ 15. Kf1 Bxa1 16. Qxa1 B@e4 17. N@g7+ 
Rxg7 18. fxg7 R@g8 19. R@h8 N@h6 20. Rxg8+ Nxg8 21. R@f8+ Ke7 22. Rxg8 N@d2+ 
23. Nxd2 Bxg2+ 24. Kxg2 P@h3+ 25. Kxh3 P@g4+ 26. Kxg4 f5+ 27. Kg5 Qe8 28. B@f6+ 
Kd7 29. Rxe8 R@g4+ 30. Kh5 Kxe8 31. Q@e7# 
{spurs checkmated} 1-0

[Event "fics rated crazyhouse match"]
[Site "fics, Oklahoma City, OK USA"]
[Date "2000.03.07"]
[White "spurs"]
[WhiteElo "2352"]
[Black "Flesh"]
[BlackElo "2317"]
[TimeControl "60+0"]
[Result "1-0"]

1. d4 d5 2. Nf3 Bf5 3. Bg5 f6 4. Nc3 fxg5 5. Nxg5 e6 6. P@f7+ 
Ke7 7. fxg8=N+ Rxg8 8. Nf3 Nc6 9. e3 P@f7 10. Bb5 Ke8 11. Bxc6+ bxc6 
12. Ne5 B@b7 13. N@a5 B@a6 14. Nexc6 Bxc6 15. Nxc6 Qd6 16. N@e5 N@e4 17. Nxe4 
dxe4 18. P@d7+ Qxd7 19. Nxd7 P@e2 20. N@f6+ gxf6 21. Nxf6# 
{Flesh checkmated} 1-0

[Event "fics rated crazyhouse match"]
[Site "fics, Oklahoma City, OK USA"]
[Date "2000.03.07"]
[White "Flesh"]
[WhiteElo "2310"]
[Black "spurs"]
[BlackElo "2359"]
[TimeControl "60+0"]
[Result "1-0"]

1. e4 e6 2. d4 d5 3. e5 Ne7 4. Bg5 Qd7 5. Bxe7 Bxe7 6. Nf3 
O-O 7. Nc3 B@e4 8. Nxe4 dxe4 9. N@h5 Nc6 10. Nxg7 Kxg7 11. P@f6+ Kg8 
12. fxe7 Nxe7 13. Ng5 Nf5 14. Nxe4 P@g7 15. P@f6 N@d5 16. fxg7 Nxg7 17. B@f6 
Nf5 18. P@e7 Ndxe7 19. Bxe7 Qxe7 20. B@f6 Qd7 21. Nc5 B@b4+ 22. c3 Bxc5 
23. Qg4+ P@g6 24. Qxf5 P@g7 25. Qc2 gxf6 26. exf6 B@h6 27. N@g4 Bg5 28. N@h6+ 
Bxh6 29. Nxh6+ Kh8 30. P@g7# 
{spurs checkmated} 1-0

[Event "fics rated crazyhouse match"]
[Site "fics, Oklahoma City, OK USA"]
[Date "2000.03.07"]
[White "LSS"]
[WhiteElo "2500"]
[Black "Eyefor"]
[BlackElo "2387"]
[TimeControl "120+2"]
[Result "1-0"]

1. e4 e6 2. Nc3 Nc6 3. Nf3 Bb4 4. Be2 h6 5. O-O Nf6 6. e5 
Ng4 7. d4 Bxc3 8. bxc3 N@e4 9. Qe1 d6 10. exd6 Qxd6 11. B@f4 P@e5 
12. dxe5 Qc5 13. Bce3 Qxc3 14. P@d6 cxd6 15. exd6 Qxc2 16. Rc1 Qxa2 17. Rxc6 
bxc6 18. N@c7+ Kd7 19. Nxa8 Nxd6 20. Bxd6 Nxe3 21. fxe3 Kxd6 22. R@d2+ B@d4 
23. Rxd4+ Ke7 24. B@d6+ Ke8 25. Nc7+ Kd8 26. P@e7+ Kd7 27. Ne5# 
{Eyefor checkmated} 1-0

[Event "fics rated crazyhouse match"]
[Site "fics, Oklahoma City, OK USA"]
[Date "2000.03.07"]
[White "Eyefor"]
[WhiteElo "2387"]
[Black "LSS"]
[BlackElo "2505"]
[TimeControl "120+2"]
[Result "0-1"]

1. e4 e6 2. d4 d5 3. exd5 exd5 4. Bb5+ P@c6 5. Bd3 Nf6 6. Qe2+ 
Qe7 7. P@e5 Nfd7 8. Nc3 Na6 9. Bxa6 bxa6 10. N@f5 Qe6 11. Ne3 Rb8 
12. Nf3 Bb4 13. Ng5 Qg6 14. h4 B@h5 15. g4 Bxc3+ 16. bxc3 Nxe5 17. gxh5 
Qxg5 18. hxg5 N@f4 19. dxe5 Nxe2 20. Kxe2 N@f4+ 21. Kf1 P@e2+ 22. Ke1 Bg4 
23. N@d6+ cxd6 24. N@c7+ Kd7 25. e6+ fxe6 26. Q@f7+ P@e7 27. B@c8+ Rbxc8 28. B@f3 
N@g2+ 29. Kd2 Nxe3 30. Qxf4 N@c4+ 31. Kxe2 Bxf3+ 32. Qxf3 B@g4 33. Qxg4 Nxg4 
34. Nxa6 Q@e4+ 35. Be3 Q@f3+ 36. Ke1 Qxf2+ 37. Kd1 Qexc2# 
{Eyefor checkmated} 0-1

[Event "fics rated crazyhouse match"]
[Site "fics, Oklahoma City, OK USA"]
[Date "2000.03.07"]
[White "LSS"]
[WhiteElo "2510"]
[Black "Eyefor"]
[BlackElo "2388"]
[TimeControl "120+2"]
[Result "0-1"]

1. e4 Nf6 2. Nc3 e6 3. e5 Nd5 4. Nxd5 exd5 5. d4 N@e4 6. Bd3 
Bb4+ 7. N@d2 Qh4 8. Qf3 Qxf2+ 9. Qxf2 Nxf2 10. Kxf2 P@e3+ 11. Kxe3 Q@e1+ 
12. Q@e2 Bxd2+ 13. Bxd2 N@f1+ 14. Kf3 Nxd2+ 15. Kg4 h5+ 16. Kf4 Qh4+ 17. Ke3 
B@f4# 
{LSS checkmated} 0-1

[Event "fics rated crazyhouse match"]
[Site "fics, Oklahoma City, OK USA"]
[Date "2000.03.07"]
[White "Eyefor"]
[WhiteElo "2350"]
[Black "LordPixel"]
[BlackElo "2482"]
[TimeControl "0+1"]
[Result "1-0"]

1. e4 Nf6 2. e5 Nd5 3. d4 Nc6 4. Bc4 e6 5. Bxd5 exd5 6. N@g5 
B@a5+ 7. Kf1 Qe7 8. Bf4 Qb4 9. Nxf7 Kxf7 10. Qh5+ g6 11. Bd2 gxh5 
12. Bxb4 Q@a6+ 13. Ne2 Nxb4 14. Q@f5+ Ke8 15. P@f7+ Kd8 16. Nc3 N@d2+ 17. Kg1 
Qh6 18. Nb5 B@g4 19. Qxg4 hxg4 20. B@f6+ Qxf6 21. exf6 Q@e4 22. Nec3 Qxg2+ 
23. Kxg2 B@h3+ 24. Kg3 Ne4+ 25. Nxe4 P@f4+ 26. Kxf4 Bh6+ 27. Kg3 Bf4+ 28. Kxf4 
Nc6 29. Q@g8+ Rxg8 30. fxg8=Q+ Q@e8 31. N@f7# 
{LordPixel checkmated} 1-0